 Dungeon Crawl Stone Soup version 0.19-a0-1704-gbd66c22 (webtiles) character file.

66 Ijustatesigmund the Ducker (level 3, -1/18 HPs)
             Began as a Spriggan Hunter on Sept 27, 2016.
             Slain by a gnoll
             ... wielding a +1 spear of piercing
              (2 damage)
             ... on level 3 of the Dungeon.
             The game lasted 00:04:59 (2415 turns).

Ijustatesigmund the Ducker (Spriggan Hunter)        Turns: 2415, Time: 00:05:00

Health: -1/18      AC:  3    Str:  8    XL:     3   Next: 96%
Magic:  4/4        EV: 20    Int: 12    God:
Gold:   102        SH:  0    Dex: 17    Spells: 0 memorised, 2 levels left

rFire  . . .     SeeInvis +     n - +2 dagger (venom)
rCold  . . .     Gourm    .     b - +0 robe
rNeg   . . .     Faith    .     (shield restricted)
rPois  .         Spirit   .     (helmet restricted)
rElec  .         Dismiss  .     (no cloak)
rCorr  .         Reflect  .     (gloves unavailable)
MR     .....     Harm     .     (boots unavailable)
Stlth  +++.......               (no amulet)
                                (no ring)
                                (no ring)

@: very quick
A: unfitting armour, see invisible, herbivore 3, speed 3, slow metabolism 2
a: no special abilities


You were on level 3 of the Dungeon.
You were not hungry.

You visited 1 branch of the dungeon, and saw 3 of its levels.

You collected 102 gold pieces.

Inventory:

Hand Weapons
 a - a +0 short sword
 n - a +2 dagger of venom (weapon)
Missiles
 c - 10 tomahawks (quivered)
 d - 2 throwing nets
Armour
 b - a +0 robe (worn)
Scrolls
 l - a scroll of fear
 o - 2 scrolls of amnesia
Potions
 e - a potion of curing {unknown}
 g - 2 potions of mutation {unknown}
 h - a potion of agility {unknown}
 j - a potion of haste {unknown}
 k - a potion of magic {unknown}
Comestibles
 f - 3 bread rations
 i - a slice of pizza


   Skills:
 - Level 1.5 Fighting
 + Level 0.2 Short Blades
 - Level 4.0 Throwing
 - Level 5.0 Dodging
 + Level 4.2 Stealth


You had 2 spell levels left.
You didn't know any spells.

Dungeon Overview and Level Annotations

Branches:
Dungeon (3/15)

Altars:


Innate Abilities, Weirdness & Mutations

You are very small and have problems with some larger weapons.
You are too small for most types of armour.
You have supernaturally acute eyesight. (SInv)
You are a herbivore.
You cover ground extremely quickly.
You need consume almost no food.


Message History

A gnoll comes into view.
The gnoll shouts! x3; You hear a shout!
The frilled lizard hisses angrily.
You hear a shout!
The gnoll completely misses you.
You closely miss the gnoll. The gnoll hits you.
The hobgoblin closely misses you.
A goblin and a gnoll come into view.
You hit the gnoll but do no damage.
The gnoll hits you from afar with a spear of piercing.
The gnoll closely misses you. The hobgoblin misses you.
You hit the gnoll but do no damage. The frilled lizard misses you.
The gnoll hits you from afar with a spear of piercing.
The gnoll closely misses you.
The hobgoblin hits you but does no damage.
You hit the gnoll.
The gnoll is lightly wounded.
The frilled lizard misses you.
The gnoll hits you from afar with a spear of piercing.
* * * LOW HITPOINT WARNING * * *
You die...

##>.......##
#..........#
#.....g....#
#.....)....#
#.>........#
##..........#.#
#.....l.......#
#...@g...#
####g.#### ##
gg## #...# ..g.
.... #..### #.#
#.# .. ## #
#.### ......


You could see 4 gnolls, a hobgoblin, a goblin and a frilled lizard.

Vanquished Creatures
  2 adders (D:2)
  A worm (D:2)
  2 leopard geckos
  5 giant cockroaches
  2 goblins (D:1)
  7 hobgoblins
  5 kobolds
  A quokka (D:2)
  A ball python (D:1)
  5 bats
  4 frilled lizards
  8 rats
43 creatures vanquished.

Notes
Turn   | Place    | Note
-------+----------+-------------------------------------------
     0 | D:1      | Ijustatesigmund the Spriggan Hunter began the quest for the Orb.
     0 | D:1      | Reached XP level 1. HP: 10/10 MP: 2/2
   390 | D:2      | Reached XP level 2. HP: 11/14 MP: 3/3
   869 | D:1      | Reached skill level 4 in Dodging
   959 | D:1      | Reached XP level 3. HP: 18/18 MP: 4/4
  1958 | D:2      | Reached skill level 5 in Dodging
  2357 | D:3      | Found a faded altar of an unknown god.
  2415 | D:3      | Slain by a gnoll

Vault maps used:
D:1:      minmay_arrival_shattered_statue
D:3:      kennysheep_vampire_church,
          nicolae_gozag_cash_rules_everything_around_me, first_bread,
          ecumenical_altar_2, minmay_curled_crystal, kennysheep_nub

Skill      XL: |  1  2  3 |
---------------+----------+-----
Stealth        | 2 3 4 |  4.2
Dodging        | 4 5 |  5.0
Fighting       | |  1.5
Short Blades   | |  0.2
Throwing       | |  4.0

Action                   || total
-------------------------++-------
Melee: Short sword       ||   155
       Dagger            ||     8
Throw: Tomahawk          ||    17
  Use: Scroll            ||     6
 Stab: Sleeping          ||     7
       Distracted        ||     1
Armor: Robe              ||    39
Dodge: Dodged            ||   184
